Teams
League projects
% Time on Ice - SALEM BLACK JAYS
Lines # - Real PCT - Wanted PCT - Time Play
Normal Forward
1 - 36% - 38% - 16:31
2 - 31% - 33% - 14:01
3 - 21% - 21% - 9:50
4 - 12% - 8% - 5:24
Normal Defense
1 - 37% - 36% - 16:52
2 - 30% - 31% - 13:31
3 - 29% - 23% - 13:26
4 - 4% - 10% - 1:57
PP Forward
1 - 51% - 55% - 4:54
2 - 49% - 45% - 4:46
PP Defense
1 - 54% - 55% - 5:15
2 - 46% - 45% - 4:25
PK Forward
1 - 63% - 55% - 2:53
2 - 37% - 45% - 1:41
PK Defense
1 - 42% - 55% - 1:55
2 - 58% - 45% - 2:39
PK3 Forward
1 - 66% - 55% - 1:19
2 - 34% - 45% - 0:40
PK3 Defense
1 - 51% - 55% - 1:01
2 - 49% - 45% - 0:58
44 Forward
1 - 0% - 55%
2 - 0% - 45%
44 Defense
1 - 0% - 55%
2 - 0% - 45%
Last Minute Offensive  - 0:00
Last Minute Defensive  - 0:00
Total
Forward - 61:59
Defense - 61:59
% Time on Ice - LONG BEACH BARACUDAS
Lines # - Real PCT - Wanted PCT - Time Play
Normal Forward
1 - 38% - 40% - 17:36
2 - 36% - 32% - 16:17
3 - 20% - 20% - 9:22
4 - 5% - 8% - 2:31
Normal Defense
1 - 42% - 40% - 19:02
2 - 33% - 32% - 15:05
3 - 20% - 18% - 9:22
4 - 5% - 10% - 2:17
PP Forward
1 - 66% - 55% - 3:02
2 - 34% - 45% - 1:32
PP Defense
1 - 55% - 55% - 2:31
2 - 45% - 45% - 2:03
PK Forward
1 - 60% - 55% - 5:41
2 - 40% - 45% - 3:45
PK Defense
1 - 55% - 55% - 5:10
2 - 45% - 45% - 4:16
PK3 Forward
1 - 0% - 55% - 0:00
2 - 100% - 45% - 0:14
PK3 Defense
1 - 0% - 55% - 0:00
2 - 100% - 45% - 0:14
44 Forward
1 - 71% - 55% - 1:25
2 - 29% - 45% - 0:34
44 Defense
1 - 56% - 55% - 1:07
2 - 44% - 45% - 0:52
Last Minute Offensive  - 0:00
Last Minute Defensive  - 0:00
Total
Forward - 61:59
Defense - 61:59
Play-by-Play 1st period 0:01 of 1st period - Ryan O'Reilly wins face-off versus Mikko Rantanen in neutral zone. 0:06 of 1st period - Mikko Rantanen is hit by Sam Reinhart and loses puck. 0:43 of 1st period - Icing by Mikko Rantanen. 0:44 of 1st period - Aleksander Barkov wins face-off versus Mikko Rantanen in SALEM BLACK JAYS zone. 1:00 of 1st period - Off-side. 1:01 of 1st period - Anthony Cirelli wins face-off versus Dylan Larkin in neutral zone. 1:18 of 1st period - Shot by Anthony Cirelli. 1:18 of 1st period - Stopped by Juuse Saros without a rebound. 1:19 of 1st period - Aleksander Barkov wins face-off versus Brett Seney in SALEM BLACK JAYS zone. 1:19 of 1st period - Aleksander Barkov is hit by Josh Brown. 1:52 of 1st period - Minor Penalty to Aleksander Barkov for Hooking. 1:53 of 1st period - Sam Reinhart wins face-off versus Dylan Larkin in LONG BEACH BARACUDAS zone. 2:10 of 1st period - Shot by Mathew Barzal. 2:10 of 1st period - Stopped by Ukko-Pekka Luukkonen without a rebound. 2:11 of 1st period - Dylan Cozens wins face-off versus Rafael Harvey-Pinard in LONG BEACH BARACUDAS zone. 2:19 of 1st period - Mikko Rantanen is hit by Brendan Smith. 2:27 of 1st period - Shot by Mikko Rantanen. 2:27 of 1st period - Stopped by Ukko-Pekka Luukkonen with a rebound. 2:29 of 1st period - Shot by Matthew Grzelcyk. 2:29 of 1st period - Shot Blocked by Brendan Smith. 2:52 of 1st period - Mikko Rantanen is hit by Brendan Smith and loses puck. 3:36 of 1st period - Minor Penalty to Zachary Werenski for Tripping. 3:37 of 1st period - Dylan Cozens wins face-off versus Anthony Cirelli in LONG BEACH BARACUDAS zone. 3:48 of 1st period - Shot by Joshua Morrissey. 3:48 of 1st period - Shot Blocked by Calvin De Haan. 3:50 of 1st period - Shot by Joshua Morrissey. 3:50 of 1st period - Goal by Joshua Morrissey - SALEM BLACK JAYS : 1 - LONG BEACH BARACUDAS : 0. 3:51 of 1st period - Sam Reinhart wins face-off versus Dylan Larkin in neutral zone. 4:13 of 1st period - Icing by Kirill Kaprizov. 4:14 of 1st period - Sam Reinhart wins face-off versus Dylan Larkin in SALEM BLACK JAYS zone. 4:19 of 1st period - Shot by Valeri Nichushkin. 4:19 of 1st period - Deflect By Sam Reinhart. 4:19 of 1st period - Shot Blocked by Matthew Grzelcyk. 4:39 of 1st period - Shot by Dylan Larkin. 4:39 of 1st period - Stopped by Ukko-Pekka Luukkonen without a rebound. 4:40 of 1st period - Dylan Cozens wins face-off versus Anthony Cirelli in LONG BEACH BARACUDAS zone. 4:54 of 1st period - Icing by Barrett Hayton. 4:55 of 1st period - Dylan Cozens wins face-off versus Sam Reinhart in SALEM BLACK JAYS zone. 5:06 of 1st period - Shot by Mikko Rantanen. 5:06 of 1st period - Shot Blocked by Brendan Smith. 5:53 of 1st period - Shot by Aleksander Barkov. 5:53 of 1st period - Deflect By Seth Jarvis. 5:53 of 1st period - Shot Misses the Net. 6:04 of 1st period - Icing by Josh Brown. 6:05 of 1st period - Ryan O'Reilly wins face-off versus Filip Chytil in SALEM BLACK JAYS zone. 6:08 of 1st period - Shot by Sam Reinhart. 6:08 of 1st period - Shot Misses the Net. 6:27 of 1st period - Icing by Nicklaus Perbix. 6:28 of 1st period - Rafael Harvey-Pinard wins face-off versus Filip Chytil in SALEM BLACK JAYS zone. 6:47 of 1st period - Shot by Valeri Nichushkin. 6:47 of 1st period - Shot Blocked by Nicklaus Perbix. 7:33 of 1st period - Nikita Zadorov is hit by Drew Doughty and loses puck. 7:40 of 1st period - Shot by Martin Necas. 7:40 of 1st period - Stopped by Ukko-Pekka Luukkonen without a rebound. 7:41 of 1st period - Aleksander Barkov wins face-off versus Mikko Rantanen in LONG BEACH BARACUDAS zone. 8:11 of 1st period - Icing by Matthew Grzelcyk. 8:12 of 1st period - Ryan O'Reilly wins face-off versus Mikko Rantanen in SALEM BLACK JAYS zone. 8:34 of 1st period - Shot by Kyle Connor. 8:34 of 1st period - Shot Misses the Net. 8:36 of 1st period - Shot by Kyle Connor. 8:36 of 1st period - Deflect By Sam Reinhart. 8:36 of 1st period - Stopped by Juuse Saros without a rebound. 8:37 of 1st period - Dylan Larkin wins face-off versus Aleksander Barkov in SALEM BLACK JAYS zone. 9:10 of 1st period - Shot by Nikita Kucherov. 9:10 of 1st period - Stopped by Juuse Saros without a rebound. 9:11 of 1st period - Ryan O'Reilly wins face-off versus Joe Snively in SALEM BLACK JAYS zone. 9:14 of 1st period - Shot by Sam Reinhart. 9:14 of 1st period - Shot Misses the Net. 9:16 of 1st period - Shot by Alex Vlasic. 9:16 of 1st period - Shot Blocked by Matthew Grzelcyk. 9:23 of 1st period - Dylan Cozens is hit by Sam Reinhart and loses puck. 9:27 of 1st period - Off-side. 9:28 of 1st period - Mikko Rantanen wins face-off versus Logan Shaw in neutral zone. 10:01 of 1st period - Shot by Valeri Nichushkin. 10:01 of 1st period - Stopped by Juuse Saros without a rebound. 10:02 of 1st period - Martin Necas wins face-off versus Ryan O'Reilly in SALEM BLACK JAYS zone. 10:18 of 1st period - Icing by Filip Hronek. 10:19 of 1st period - Joe Snively wins face-off versus Ryan O'Reilly in LONG BEACH BARACUDAS zone. 10:19 of 1st period - Dylan Cozens is hit by Filip Hronek. 10:29 of 1st period - Shot by Dylan Cozens. 10:29 of 1st period - Shot Misses the Net. 11:32 of 1st period - Aleksander Barkov is hit by Nikita Zadorov. 11:45 of 1st period - Nikita Kucherov is hit by Nikita Zadorov and loses puck. 11:49 of 1st period - Minor Penalty to Nikita Zadorov for Hooking. 11:50 of 1st period - Dylan Cozens wins face-off versus Anthony Cirelli in SALEM BLACK JAYS zone. 13:38 of 1st period - Shot by Aleksander Barkov. 13:38 of 1st period - Stopped by Juuse Saros with a rebound. 14:06 of 1st period - Icing by Mikko Rantanen. 14:07 of 1st period - Mikko Rantanen wins face-off versus Logan Shaw in SALEM BLACK JAYS zone. 15:01 of 1st period - Shot by Sam Reinhart. 15:01 of 1st period - Stopped by Juuse Saros without a rebound. 15:02 of 1st period - Dylan Cozens wins face-off versus Seth Jarvis in SALEM BLACK JAYS zone. 15:13 of 1st period - Shot by Dylan Cozens. 15:13 of 1st period - Stopped by Ukko-Pekka Luukkonen without a rebound. 15:14 of 1st period - Ryan O'Reilly wins face-off versus Dylan Larkin in LONG BEACH BARACUDAS zone. 15:14 of 1st period - Kyle Connor is hit by Barrett Hayton and loses puck. 15:27 of 1st period - Shot by Martin Necas. 15:27 of 1st period - Shot Misses the Net. 15:33 of 1st period - Shot by Martin Necas. 15:33 of 1st period - Shot Blocked by Alex Vlasic. 15:35 of 1st period - Shot by Barrett Hayton. 15:35 of 1st period - Stopped by Ukko-Pekka Luukkonen with a rebound. 15:37 of 1st period - Shot by Martin Necas. 15:37 of 1st period - Shot Misses the Net. 15:39 of 1st period - Shot by Dylan Larkin. 15:39 of 1st period - Shot Misses the Net. 15:55 of 1st period - Shot by Sam Reinhart. 15:55 of 1st period - Stopped by Juuse Saros without a rebound. 15:56 of 1st period - Anthony Cirelli wins face-off versus Joe Snively in SALEM BLACK JAYS zone. 16:01 of 1st period - Shot by Valeri Nichushkin. 16:01 of 1st period - Stopped by Juuse Saros with a rebound. 16:17 of 1st period - Shot by Dylan Cozens. 16:17 of 1st period - Shot Blocked by Zachary Werenski. 16:31 of 1st period - Shot by Valeri Nichushkin. 16:31 of 1st period - Shot Misses the Net. 17:24 of 1st period - Icing by Matthew Grzelcyk. 17:25 of 1st period - Ryan O'Reilly wins face-off versus Filip Chytil in SALEM BLACK JAYS zone. 17:26 of 1st period - Shot by Sam Reinhart. 17:26 of 1st period - Stopped by Juuse Saros without a rebound. 17:27 of 1st period - Dylan Larkin wins face-off versus Ryan O'Reilly in SALEM BLACK JAYS zone. 17:34 of 1st period - Ryan O'Reilly is hit by Barrett Hayton and loses puck. 17:43 of 1st period - Shot by Martin Necas. 17:43 of 1st period - Deflect By Dylan Larkin. 17:43 of 1st period - Shot Hit the Post. 17:45 of 1st period - Shot by Nicklaus Perbix. 17:45 of 1st period - Shot Misses the Net. 17:50 of 1st period - Icing by Calvin De Haan. 17:51 of 1st period - Ryan O'Reilly wins face-off versus Mikko Rantanen in LONG BEACH BARACUDAS zone. 18:08 of 1st period - Shot by Sam Reinhart. 18:08 of 1st period - Stopped by Juuse Saros without a rebound. 18:09 of 1st period - Aleksander Barkov wins face-off versus Dylan Larkin in SALEM BLACK JAYS zone. 18:22 of 1st period - Shot by Seth Jarvis. 18:22 of 1st period - Stopped by Juuse Saros without a rebound. 18:23 of 1st period - Kirill Kaprizov wins face-off versus Valeri Nichushkin in SALEM BLACK JAYS zone. 18:36 of 1st period - Shot by Valeri Nichushkin. 18:36 of 1st period - Deflect By Anthony Cirelli. 18:36 of 1st period - Shot Misses the Net. 19:01 of 1st period - Shot by Kirill Kaprizov. 19:01 of 1st period - Stopped by Ukko-Pekka Luukkonen without a rebound. 19:02 of 1st period - Ryan O'Reilly wins face-off versus Dylan Larkin in LONG BEACH BARACUDAS zone. 19:02 of 1st period - Ryan O'Reilly is hit by Martin Necas. 19:11 of 1st period - Zachary Werenski is hit by Martin Necas and loses puck. 19:48 of 1st period - Joshua Morrissey is hit by Filip Hronek. Goals for this period are 1 for SALEM BLACK JAYS vs 0 for LONG BEACH BARACUDAS. Shots for this period are 8 for SALEM BLACK JAYS vs 11 for LONG BEACH BARACUDAS. 2nd period 0:01 of 2nd period - Aleksander Barkov wins face-off versus Mikko Rantanen in neutral zone. 0:44 of 2nd period - Shot by Mikko Rantanen. 0:44 of 2nd period - Shot Misses the Net. 1:38 of 2nd period - Shot by Martin Necas. 1:38 of 2nd period - Stopped by Ukko-Pekka Luukkonen without a rebound. 1:39 of 2nd period - Ryan O'Reilly wins face-off versus Dylan Cozens in LONG BEACH BARACUDAS zone. 1:55 of 2nd period - Ryan O'Reilly is hit by Josh Brown. 1:59 of 2nd period - Shot by Sam Reinhart. 1:59 of 2nd period - Shot Misses the Net. 2:06 of 2nd period - Off-side. 2:07 of 2nd period - Mikko Rantanen wins face-off versus Anthony Cirelli in neutral zone. 2:07 of 2nd period - Mikko Rantanen is hit by Rafael Harvey-Pinard. 2:17 of 2nd period - Shot by Mikko Rantanen. 2:17 of 2nd period - Stopped by Ukko-Pekka Luukkonen without a rebound. 2:18 of 2nd period - Ryan O'Reilly wins face-off versus Dylan Larkin in LONG BEACH BARACUDAS zone. 2:42 of 2nd period - Shot by Dylan Larkin. 2:42 of 2nd period - Stopped by Ukko-Pekka Luukkonen without a rebound. 2:43 of 2nd period - Mikko Rantanen wins face-off versus Anthony Cirelli in LONG BEACH BARACUDAS zone. 3:00 of 2nd period - Shot by Kirill Kaprizov. 3:00 of 2nd period - Stopped by Ukko-Pekka Luukkonen without a rebound. 3:01 of 2nd period - Dylan Larkin wins face-off versus Sam Reinhart in LONG BEACH BARACUDAS zone. 3:36 of 2nd period - Shot by Sam Reinhart. 3:36 of 2nd period - Stopped by Juuse Saros without a rebound. 3:37 of 2nd period - Mikko Rantanen wins face-off versus Aleksander Barkov in SALEM BLACK JAYS zone. 3:50 of 2nd period - Shot by Mathew Barzal. 3:50 of 2nd period - Stopped by Ukko-Pekka Luukkonen without a rebound. 3:51 of 2nd period - Brett Seney wins face-off versus Anthony Cirelli in LONG BEACH BARACUDAS zone. 4:01 of 2nd period - Shot by Anthony Cirelli. 4:01 of 2nd period - Deflect By Valeri Nichushkin. 4:01 of 2nd period - Stopped by Juuse Saros with a rebound. 4:46 of 2nd period - Anthony Cirelli is hit by Mathew Barzal and loses puck. 5:05 of 2nd period - Shot by Mathew Barzal. 5:05 of 2nd period - Stopped by Ukko-Pekka Luukkonen without a rebound. 5:06 of 2nd period - Dylan Larkin wins face-off versus Aleksander Barkov in LONG BEACH BARACUDAS zone. 5:42 of 2nd period - Shot by Nikita Kucherov. 5:42 of 2nd period - Shot Hit the Post. 5:44 of 2nd period - Shot by Seth Jarvis. 5:44 of 2nd period - Stopped by Juuse Saros without a rebound. 5:45 of 2nd period - Mikko Rantanen wins face-off versus Kyle Connor in SALEM BLACK JAYS zone. 5:47 of 2nd period - Icing by Kirill Kaprizov. 5:48 of 2nd period - Ryan O'Reilly wins face-off versus Mikko Rantanen in SALEM BLACK JAYS zone. 6:48 of 2nd period - Off-side. 6:49 of 2nd period - Aleksander Barkov wins face-off versus Dylan Larkin in neutral zone. 7:05 of 2nd period - Icing by Cody Ceci. 7:06 of 2nd period - Dylan Larkin wins face-off versus Anthony Cirelli in SALEM BLACK JAYS zone. 7:34 of 2nd period - Dylan Larkin is hit by Calvin De Haan. 7:43 of 2nd period - Icing by Rafael Harvey-Pinard. 7:44 of 2nd period - Anthony Cirelli wins face-off versus Mikko Rantanen in LONG BEACH BARACUDAS zone. 8:54 of 2